 Dungeon Crawl Stone Soup version 0.28-a0-938-gbc3f381ebc (webtiles) character file.

Game seed: 15025871499441305900

78 Ajdolov the Magician (level 4, -1/36 HPs)
             Began as a Naga Hedge Wizard on Nov 29, 2021.
             Killed by nerve-wracking pain
             ... invoked by Grinder
              (13 damage)
             ... on level 3 of the Dungeon.
             The game lasted 00:15:27 (2880 turns).

Ajdolov the Magician (Naga Hedge Wizard)            Turns: 2880, Time: 00:15:28

Health: -1/36      AC:  2    Str: 13    XL:     4   Next: 36%
Magic:  9/9        EV: 13    Int: 15    God:
Gold:   97         SH:  0    Dex: 10    Spells: 1/10 levels left

rFire   . . .      SeeInvis +   g - +4 whip
rCold   . . .      Faith    .   (no shield)
rNeg    . . .      Spirit   .   b - +0 robe
rPois   +          Reflect  .   c - +0 hat
rElec   .          Harm     .   (no cloak)
rCorr   .          Rampage  .   (no gloves)
Will    .....                   (no barding)
Stlth   ++........              (no amulet)
HPRegen 0.12/turn               t - +4 ring of evasion
MPRegen 0.11/turn               (no ring)

@: very slow
A: AC +1, large, see invisible, deformed body, poison resistance, slowness 2,
spit poison 1, naga tail 1
a: Spit Poison


You were on level 3 of the Dungeon.
You visited 1 branch of the dungeon, and saw 3 of its levels.

You collected 97 gold pieces.

Inventory:

Hand Weapons
 g - a +4 whip (weapon)
Armour
 b - a +0 robe (worn)
 c - a +0 hat (worn)
 k - a +0 plate armour
 m - a +0 leather armour
Jewellery
 j - an amulet of guardian spirit
 t - a +4 ring of evasion (left hand)
Scrolls
 d - a scroll of brand weapon {unknown}
 l - a scroll of amnesia {unknown}
 n - a scroll of identify
 o - a scroll of blinking {unknown}
 p - a scroll of noise {unknown}
 q - a scroll of magic mapping {unknown}
 r - a scroll of immolation {unknown}
Potions
 a - 3 potions of curing
 e - a potion of mutation {unknown}
 f - a potion of resistance {unknown}
 h - a potion of ambrosia {unknown}
 i - a potion of attraction {unknown}
 s - a potion of might {unknown}


   Skills:
 - Level 1.5 Dodging
 - Level 3.0 Stealth
 - Level 3.5 Spellcasting
 + Level 2.4 Conjurations
 - Level 1.0 Summonings
 - Level 1.0 Translocations
 + Level 1.2 Air Magic
 * Level 2.4 Poison Magic


You had one spell level left.
You knew the following spells:

 Your Spells              Type           Power      Damage    Failure   Level
a - Magic Dart            Conj           36%        1d4       7%          1
b - Blink                 Tloc           10%        N/A       19%         2
c - Mephitic Cloud        Conj/Pois/Air  8%         N/A       26%         3
d - Conjure Flame         Conj/Fire      6%         6-21      34%         3

Your spell library contained the following spells:

 Spells                   Type           Power      Damage    Failure   Level
 Apportation              Tloc           10%        N/A       13%         1
 Slow                     Hex            8%         N/A       19%         1
 Call Imp                 Summ           5%         N/A       19%         2
 Alistair's Intoxication  Tmut/Pois      4%         N/A       97%         5


Dungeon Overview and Level Annotations

Branches:
Dungeon (3/15)

Altars:
Vehumet

Shops:
D:1 [:[(*

Annotations:
D:3 Grinder


Innate Abilities, Weirdness & Mutations

Your serpentine skin is tough. (AC +1)
You have supernaturally acute eyesight. (SInv)
Armour fits poorly on your strangely shaped body.
Your system is resistant to poisons. (rPois)
You cover ground very slowly.
You can spit poison.
You have a snake-like lower body.


Message History

Casting: Conjure Flame (quite dangerous; 34% risk of failure)
Confirm with . or Enter, or press ? or * to list all spells.
Okay, then.
Press: ? - help, Shift-Dir - straight line, f - Grinder
Aim: Grinder
Okay, then.
Press: ? - help, v - describe, . - travel
Here: Grinder An open door.
Grinder is nearby!
Press: ? - help, v - describe, . - travel
Here: Grinder An open door.
As you read the scroll labelled COTTUE FEBIKORR, it crumbles to dust.
It is a scroll of identify.
a - 3 potions of curing Grinder blinks!
Grinder gestures at you.
You struggle to resist.
There is an open door here.
You close the door.
Grinder breaks down the door.
Grinder blinks!
Grinder barely misses you. Grinder hits you!
You writhe in agony.
Grinder barely misses you. Grinder gestures at you.
You suddenly lose the ability to move!
Grinder gestures at you.
You shrug off the repeated paralysis!
Grinder gestures at you. Pain shoots through your body!
You can move again.
Unknown command.
There is an open door here.
Grinder gestures at you. You resist with significant effort.
Grinder gestures at you. Pain shoots through your body!
You die...

#.# ##.## ##.## #.#
#...# #.# ####..###
##+## #.......# ##...##
#.###.#.# ##.....## #
#.# #.#.## ##.......##
## #.#
#....####.........####.
#.#
#.....@.5.........'....
#.#
#....####.........####.
#.###.#.## ##.......##
#. #.......# ##.....##
#. #####.### ##...## #.
#.# ##'## #. #.# ...#
#. #.# ...# #. #.#
....# #.


You could see Grinder.

Vanquished Creatures
  3 adders (D:2)
  A worm (D:2)
  A dart slug (D:1)
  3 bats
  3 endoplasms
  4 giant cockroaches (D:1)
  6 goblins
  3 hobgoblins
  3 jackals (D:1)
  6 kobolds
  3 quokkas (D:1)
  A frilled lizard (D:1)
  6 rats
43 creatures vanquished.

Notes
Turn   | Place    | Note
-------+----------+-------------------------------------------
     0 | D:1      | Ajdolov the Naga Hedge Wizard began the quest for the Orb.
     0 | D:1      | Reached XP level 1. HP: 15/15 MP: 4/4
   118 | D:1      | Found Cyweam's Armour Shoppe.
   553 | D:1      | Found Quaq's Book Shoppe.
   599 | D:1      | Reached XP level 2. HP: 22/22 MP: 3/6
   602 | D:1      | Learned a level 2 spell: Blink
   631 | D:1      | Found Tidaoq's Antique Armour Shop.
   809 | D:1      | Found Curhohim's Assorted Antiques.
   955 | D:1      | Reached XP level 3. HP: 22/28 MP: 7/7
   959 | D:1      | Learned a level 3 spell: Mephitic Cloud
  1156 | D:1      | Found Macaq's Weapon Shoppe.
  1208 | D:1      | Found a faded altar of an unknown god.
  1458 | D:2      | Found a radiant altar of Vehumet.
  1945 | D:2      | Learned a level 3 spell: Conjure Flame
  1948 | D:2      | Reached skill level 1 in Poison Magic
  1983 | D:2      | Reached skill level 1 in Air Magic
  1983 | D:2      | Reached XP level 4. HP: 36/36 MP: 3/9
  2852 | D:3      | Noticed Grinder
  2875 | D:3      | Paralysed by Grinder for 3 turns
  2880 | D:3      | Killed from afar by Grinder

Illustrated notes

Levels and vault maps discovered:
D:1:      tarquinn_simple_flora_water_b, layout_loops_cross, serial_shops,
          nicolae_shop_crystal, shop, shop_fountains, shop_fountains,
          nicolae_lakefront_shop, shapermc_ecumenical_altar_mp_vishouse,
          minmay_nonomino_d4
D:2:      layout_loops_corners, basic_altar,
          hangedman_abyss_or_decor_lesser_grid, serial_bayou_pond_e
D:3:      layout_loops_corners, minmay_bisected, uniq_grinder

Skill      XL: |  1  2  3  4 |
---------------+-------------+-----
Conjurations   | 2 |  2.4
Poison Magic   | 1 2 |  2.4
Air Magic      | 1 |  1.2
Dodging        | |  1.5
Stealth        | |  3.0
Spellcasting   | |  3.5
Summonings     | |  1.0
Translocations | |  1.0

Action                   |  1- 3 |  4- 6 || total
-------------------------+-------+-------++-------
Melee: Dagger            |    22 |       ||    22
       Whip              |    34 |     5 ||    39
 Cast: Magic Dart        |    29 |    26 ||    55
 Abil: Spit Poison       |     8 |     3 ||    11
  Use: Scroll            |       |     1 ||     1
 Stab: Sleeping          |     3 |       ||     3
Armor: Robe              |     9 |       ||     9
Dodge: Dodged            |    26 |     5 ||    31

Table legend: (Time is in decaauts)
 A = Elapsed time spent in this place.
 B = Non-inter-level travel time spent in this place.
 C = Inter-level travel time spent in this place.
 D = Time resting spent in this place.
 E = Time spent auto-exploring this place.
 F = Levels seen in this place.
 G = Mean time per level.
                   A        B        C        D        E       F      G
               +--------+--------+--------+--------+--------+-----+--------+
         Total |   3508 |   3480 |     28 |    148 |   2814 |   3 | 1169.3 |
       Dungeon |   3508 |   3480 |     28 |    148 |   2814 |   3 | 1169.3 |
               +--------+--------+--------+--------+--------+-----+--------+

Top non-repeatable levels by time:
     D:1: 1629 daAuts
     D:2: 1600 daAuts
     D:3: 277 daAuts
